 Dungeon Crawl Stone Soup version 0.15.2 (console) character file.

628 Ge0ff the Vandal (level 7, 0/48 HPs)
             Began as a Halfling Gladiator on Dec 8, 2022.
             Slain by Prince Ribbit (12 damage)
             ... on Level 4 of the Dungeon.
             The game lasted 00:15:41 (3919 turns).

Ge0ff the Vandal (Halfling Gladiator)               Turns: 3919, Time: 00:15:41

HP   0/48        AC  5     Str 17      XL: 7   Next: 77%
MP   7/7         EV 14     Int  7      God:
Gold 105         SH  6     Dex 15      Spells:  0 memorised,  6 levels left

rFire  . . .     SeeInvis .     a - +1 cutlass
rCold  . . .     Clarity  .     w - +0 leather armour
rNeg   . . .     rCorr    .     x - +0 buckler
rPois  .         rRot     .     c - +0 helmet
rElec  .         Spirit   .     (no cloak)
SustAb .         Warding  .     D - +0 pair of gloves
rMut   +         Stasis   .     (no boots)
Gourm  .                        C - amulet of resist mutation
MR     .....                    (no ring)
                                H - ring of stealth

@: not resistant to hostile enchantments, fairly stealthy
A: mutation resistance 1
a: no special abilities


You were on level 4 of the Dungeon.
You were not hungry.

You visited 1 branch of the dungeon, and saw 4 of its levels.

You collected 105 gold pieces.

Inventory:

Hand weapons
 a - a +1 cutlass (weapon)
 b - a -2 hunting sling
 h - a +0 trident of piercing
Missiles
 d - 2 throwing nets
 i - 17 poisoned needles
 A - 9 silver sling bullets
 I - 46 stones (quivered)
 T - 6 tomahawks
Armour
 c - a +0 helmet (worn)
 w - a +0 leather armour (worn)
 x - a +0 buckler (worn)
 D - a +0 pair of gloves (worn)
Magical devices
 y - a wand of random effects (5)
Comestibles
 f - 3 bread rations
 m - 3 meat rations
 s - a beef jerky
Scrolls
 B - a scroll of blinking
 N - 2 scrolls of remove curse
Jewellery
 C - an amulet of resist mutation (around neck)
 H - a ring of stealth (left hand)
Potions
 o - a potion of magic {!q}
 p - a potion of resistance
 E - a potion of confusion {unknown}
 Q - 2 potions of poison {unknown}
 S - a potion of brilliance {unknown}
 V - 5 potions of restore abilities
 W - a potion of cure mutation {!q}
 X - a potion of flight


   Skills:
 + Level 4.2 Fighting
 - Level 4.0 Short Blades
 + Level 6.4(6.7) Slings
 - Level 2.6(4.6) Throwing
 + Level 1.0 Armour
 - Level 3.2 Dodging
 - Level 2.0 Stealth
 + Level 3.9 Shields
 + Level 0.0 Evocations


You had 6 spell levels left.
You didn't know any spells.

Dungeon Overview and Level Annotations

Branches:
Dungeon (4/15)
 Temple: D:4-7

Altars:
Ashenzari
Kikubaaqudgha
Trog

Annotations:
D:3 Ge0ff's ghost, average HaGl
D:4 Dowan; Eustachio; Prince Ribbit


Innate Abilities, Weirdness & Mutations

You are small and have problems with some larger weapons.
You are somewhat resistant to further mutation.


Message History

Prince Ribbit is heavily wounded.
You block Prince Ribbit's attack. x2
Drink which item? (? for menu, Esc to quit)
You feel better. Prince Ribbit hits you!
* * * LOW HITPOINT WARNING * * *
Drink which item? (? for menu, Esc to quit)
You feel better.
Prince Ribbit blinks!
Drink which item? (? for menu, Esc to quit)
You feel better.
Drink which item? (? for menu, Esc to quit)
You feel extremely strange.
It was a potion of mutation.
Prince Ribbit misses you.
You hit Prince Ribbit.
Prince Ribbit is heavily wounded.
Prince Ribbit hits you!
* * * LOW HITPOINT WARNING * * *
Prince Ribbit hits you but does no damage.
Prince Ribbit momentarily phases out as your attack passes through him.
Prince Ribbit is heavily wounded.
Prince Ribbit hits you!
You die...

#.#.#.###.###. ##
#.#.#...#.#... #.
#.......#.#.#.
#.#.########.###.#.#...
#>.......p.............
#.#.###.###.####.#.#...
#. #.# #............
....#.#(###.#
##########.##
(.(.(..(.F@.# #.#
...##.#.##### #.# ...
#.#.## #... ...... ###.
#.#.## #ยง ..## #( ...
#. ... . ...


You could see Prince Ribbit.

Vanquished Creatures
  Pikel (D:4)
  A worker ant (D:4)
  Ijyb (D:2)
  3 adders
  An inept item mimic (D:2)
  2 giant mites
  A worm (D:2)
  2 giant geckos (D:2)
  An ooze (D:2)
  An orc (D:3)
  4 ball pythons
  8 bats
  4 giant cockroaches
  12 hobgoblins
  9 kobolds
  3 giant newts
  9 goblins
  8 jackals
  8 rats
79 creatures vanquished.

Notes
Turn   | Place    | Note
--------------------------------------------------------------
     0 | D:1      | Ge0ff, the Halfling Gladiator, began the quest for the Orb.
     0 | D:1      | Reached XP level 1. HP: 14/14 MP: 1/1
    74 | D:1      | Reached skill level 1 in Stealth
    74 | D:1      | Reached XP level 2. HP: 19/19 MP: 2/2
   828 | D:1      | Reached XP level 3. HP: 24/24 MP: 3/3
   884 | D:2      | Reached skill level 1 in Slings
   952 | D:2      | Noticed Ijyb
   965 | D:3      | Found an ancient bone altar of Kikubaaqudgha.
   969 | D:3      | Found a shattered altar of Ashenzari.
  1044 | D:3      | Noticed Ge0ff's ghost (average HaGl)
  1404 | D:2      | Killed Ijyb
  1404 | D:2      | Reached XP level 4. HP: 26/29 MP: 4/4
  1602 | D:2      | Found a bloodstained altar of Trog.
  2084 | D:2      | Reached XP level 5. HP: 31/35 MP: 5/5
  2946 | D:3      | Reached skill level 1 in Shields
  3058 | D:4      | Reached skill level 1 in Armour
  3179 | D:4      | Noticed a slave
  3434 | D:4      | Noticed Eustachio
  3493 | D:4      | Noticed Dowan
  3534 | D:4      | Noticed Prince Ribbit
  3690 | D:4      | Noticed Pikel
  3690 | D:4      | Noticed a slave
  3691 | D:4      | Noticed a slave
  3735 | D:4      | Killed Pikel
  3735 | D:4      | Reached skill level 6 in Slings
  3735 | D:4      | Reached XP level 6. HP: 29/43 MP: 6/6
  3735 | D:4      | Reached XP level 7. HP: 32/48 MP: 7/7
  3737 | D:4      | Noticed a freed slave
  3919 | D:4      | Slain by Prince Ribbit

Action                   |  1- 3 |  4- 6 |  7- 9 || total
-------------------------+-------+-------+-------++-------
Melee: Cutlass           |    33 |   126 |    11 ||   170
       Hunting sling     |     1 |       |       ||     1
 Fire: Hunting sling     |    87 |    18 |     2 ||   107
Throw: Throwing net      |       |     1 |       ||     1
       Stone             |       |     1 |     6 ||     7
Evoke: Wand              |     5 |     6 |       ||    11
  Use: Scroll            |     8 |     4 |       ||    12
       Potion            |     1 |     1 |     4 ||     6
 Stab: Sleeping          |     1 |     4 |       ||     5
       Distracted        |       |     1 |       ||     1
  Eat: Chunk             |     1 |     6 |       ||     7
       Royal jelly       |       |     1 |       ||     1

Vault maps used:
D:1:      elethiomel_arrival_infinity_welcomes_careful_drivers
D:2:      first_bread, trog_butcher_becter, uniq_iyjb
D:3:      nicolae_overflow_hidden_temple
D:4:      uniq_eustachio, uniq_pikel, uniq_crazy_yiuf_cottage,
          uniq_prince_ribbit1, uniq_duvessa
